Map: Frozen Temple

Players

Miszu

  • Race: Zerg Zerg
  • League: Master

Abricoragzi - Winner!

  • Race: Terran Terran
  • League: Master

VOD

Have the link to the VOD?

Description

Time

  • Played on: July 1, 2016, 7:01 p.m.
  • Length: 19:38
Show
View Real Time Build Order
Export as new Build Order

Miszu Zerg 

Build Orders: Pool First 

Get SALT Encoding   

  12  0:01  Drone  
  13  0:14  Overlord  
  13  0:17  Drone  
  14  0:32  Drone x2  
  16  0:38  Drone  
  17  0:54  Spawning Pool  
  16  0:57  Drone  
  16  0:58  Drone  
  18  1:14  Hatchery  
  18  1:17  Drone  
  18  1:21  Extractor  
  17  1:27  Overlord  
  17  1:34  Drone  
  18  1:41  Queen  
  20  1:48  Drone  
  20  1:51  Drone  
  22  2:03  Drone  
  23  2:16  Zergling x2  
  24  2:26  Zergling x2  
  24  2:28  Zergling x2, Queen  
  28  2:30  Metabolic Boost  
  28  2:36  Drone  
  29  2:43  Queen  
  31  2:50  Drone x3  
  34  2:56  Drone x2  
  34  2:58  Overlord  
  36  3:03  Overlord  
  36  3:16  Drone x3  
  39  3:30  Drone x2  
  39  3:33  Pneumatized Carapace  
  40  3:42  Drone x3  
  43  3:51  Hatchery  
  43  3:52  Drone  
  43  3:53  Drone x6  
  49  3:58  Extractor x2  
  49  4:02  Roach Warren  
  46  4:06  Drone x2  
  48  4:14  Drone x2  
  50  4:17  Evolution Chamber  
  50  4:18  Evolution Chamber  
  48  4:27  Zergling x6  
  48  4:28  Overlord x2  
  51  4:31  Spore Crawler  
  51  4:33  Spore Crawler  
  51  4:35  Zergling x2  
  51  4:36  Zergling x2  
  51  4:47  Lair  
  51  4:49  Zerg Missile Weapons Level 1  
  51  4:57  Drone x6  
  57  5:06  Drone x2  
  57  5:07  Drone x4  
  60  5:16  Drone x3  
  60  5:19  Spore Crawler  
  60  5:21  Drone x3  
  65  5:23  Extractor  
  65  5:25  Overlord  
  65  5:27  Roach  
  65  5:40  Zergling x8  
  66  5:43  Zergling x2  
  66  5:45  Zergling x2  
  68  5:50  Zergling x4  
  68  5:52  Zergling x16  
  78  5:57  Zergling x2  
  78  6:00  Zergling x4  
  81  6:06  Zergling x2  
  80  6:14  Extractor  
  80  6:16  Extractor, Infestation Pit  
  80  6:18  Spine Crawler  
  76  6:19  Drone x5  
  76  6:21  Queen  
  81  6:28  Overlord x4  
  76  6:55  Overlord  
  75  7:04  Overlord  
  75  7:06  Roach x5  
  75  7:08  Hive  
  85  7:09  Pathogen Glands  
  85  7:11  Zerg Missile Weapons Level 2  
  85  7:12  Overlord, Zerg Ground Armor Level 1  
  83  7:23  Roach  
  83  7:24  Roach x6  
  83  7:27  Ravager x2  
  83  7:28  Glial Reconstitution  
  99  7:45  Hatchery  
  98  7:52  Roach x9  
  98  7:55  Drone x3  
  119  8:03  Ravager x5  
  119  8:04  Ravager x2  
  126  8:20  Overlord  
  126  8:21  Infestor x4  
  134  8:27  Ultralisk Cavern  
  134  8:28  Overlord  
  119  9:09  Overlord  
  117  9:15  Chitinous Plating  
  117  9:17  Zerg Ground Armor Level 2  
  117  9:18  Roach  
  117  9:20  Ultralisk x2  
  117  9:21  Zergling x24  
  117  9:22  Zergling x6  
  146  9:32  Extractor  
  146  9:33  Extractor  
  146  9:35  Hatchery  
  141  9:46  Ultralisk  
  131  10:08  Zergling x4  
  131  10:11  Zergling x16  
  131  10:12  Zergling x16  
  144  10:32  Ultralisk  
  119  10:52  Ultralisk  
  119  10:53  Ultralisk  
  125  11:08  Hatchery  
  124  11:12  Spire  
  123  11:21  Infestor, Ultralisk  
  126  11:44  Drone x2  
  126  11:45  Drone x2  
  130  11:50  Drone  
  130  11:51  Drone  
  130  11:59  Zergling x8  
  134  12:02  Zerg Melee Weapons Level 1, Zerg Ground Armor Level 3  
  131  12:19  Drone x4  
  131  12:22  Queen  
  137  12:25  Drone x3  
  140  12:38  Infestor x2  
  140  12:39  Infestor  
  140  12:41  Roach x3  
  140  12:42  Ravager x3  
  155  12:47  Greater Spire  
  155  12:57  Overlord x4, Drone  
  155  12:58  Overlord x2  
  155  13:14  Queen  
  157  13:25  Corruptor x3  
  157  13:26  Corruptor x3  
  169  13:30  Ravager x3  
  172  13:41  Queen  
  172  13:47  Corruptor x3  
  179  14:08  Queen  
  185  14:17  Brood Lord  
  185  14:18  Brood Lord x2  
  185  14:29  Ultralisk  
  195  14:38  Brood Lord  
  195  14:39  Brood Lord x2  
  195  14:42  Corruptor  
  198  14:58  Spore Crawler  
  195  15:15  Drone x4  
  195  15:16  Drone  
  195  15:37  Ultralisk  
  174  15:52  Ultralisk  
  174  15:53  Ultralisk x3  
  174  15:54  Zergling x4  
  98  16:47  Zergling x22  
  98  16:48  Zergling x8  
Show
View Real Time Build Order
Export as new Build Order

Abricoragzi Terran - Winner!

Build Orders: Reaper Expand, Bio Tank 

Get SALT Encoding   

  12  0:00  SCV  
  13  0:12  SCV  
  14  0:17  Supply Depot  
  14  0:24  SCV  
  15  0:39  Barracks, SCV  
  16  0:46  Refinery  
  16  0:51  SCV  
  17  1:03  SCV  
  18  1:17  SCV  
  19  1:29  Reaper  
  19  1:30  Orbital Command  
  20  1:47  Command Center  
  20  1:58  Supply Depot, SCV  
  21  2:02  Refinery  
  21  2:04  Barracks Reactor  
  21  2:10  SCV  
  22  2:22  SCV  
  23  2:26  Factory  
  23  2:34  SCV  
  24  2:40  Marine x2  
  26  2:46  SCV  
  27  2:58  Marine x2, SCV  
  28  3:00  Orbital Command  
  30  3:09  Factory Tech Lab  
  30  3:10  SCV  
  30  3:11  Starport  
  31  3:16  Marine  
  31  3:19  Marine  
  33  3:22  SCV  
  34  3:28  Widow Mine  
  34  3:31  SCV  
  37  3:34  SCV  
  37  3:39  Supply Depot  
  37  3:43  Marine x2  
  37  3:44  SCV  
  37  3:46  SCV  
  37  3:47  Medivac  
  43  3:56  SCV  
  43  3:59  SCV  
  43  4:01  Siege Tank  
  48  4:02  Supply Depot  
  48  4:05  Supply Depot  
  48  4:08  SCV  
  49  4:12  Marine x2  
  51  4:17  Medivac, SCV  
  54  4:31  SCV  
  55  4:35  Command Center  
  56  4:38  SCV  
  56  4:42  Stimpack  
  56  4:45  Barracks  
  56  4:46  Factory Tech Lab  
  56  4:47  Barracks  
  56  4:50  SCV  
  56  4:52  SCV  
  58  5:02  SCV  
  58  5:04  SCV  
  59  5:11  Starport Reactor  
  59  5:12  Siege Tank  
  61  5:14  SCV  
  61  5:16  SCV  
  61  5:17  Engineering Bay x2  
  63  5:23  Supply Depot  
  63  5:26  Refinery, SCV  
  63  5:27  Refinery  
  64  5:28  SCV  
  63  5:38  SCV  
  63  5:40  SCV  
  64  5:50  SCV, Orbital Command  
  64  5:52  SCV  
  64  5:53  Barracks Reactor, Siege Tank  
  69  5:59  Terran Infantry Weapons Level 1  
  69  6:03  SCV  
  69  6:04  Supply Depot, SCV  
  66  6:15  Supply Depot, SCV  
  66  6:16  Marine x2  
  66  6:17  Marine, SCV  
  71  6:20  SCV  
  72  6:27  SCV  
  72  6:29  SCV  
  72  6:32  SCV  
  74  6:33  Marine x2  
  74  6:34  Marine, Medivac  
  74  6:35  Barracks  
  74  6:39  Barracks, SCV  
  79  6:41  SCV  
  79  6:42  Orbital Command  
  79  6:43  Combat Shields  
  81  6:51  Factory  
  80  6:55  Armory  
  80  6:56  Supply Depot  
  80  6:57  Supply Depot, SCV  
  81  7:03  Marine x2  
  81  7:04  Orbital Command  
  83  7:09  Marine x3  
  83  7:11  Orbital Command  
  86  7:21  Marine x2  
  88  7:27  Marine x2  
  88  7:28  Orbital Command, Missile Turret  
  90  7:34  SCV  
  90  7:35  Barracks Tech Lab x2  
  91  7:40  SCV  
  91  7:42  Marine  
  93  7:44  Factory Tech Lab  
  93  7:45  Terran Infantry Armor Level 1  
  93  7:46  SCV  
  94  7:52  SCV  
  94  7:53  Marine x4  
  94  7:54  Siege Tank, Marauder  
  94  7:55  Concussive Shells  
  104  7:58  SCV  
  104  7:59  Supply Depot x2, Medivac, Marauder  
  104  8:00  Marine  
  104  8:03  Missile Turret  
  104  8:04  SCV  
  111  8:06  Missile Turret  
  111  8:10  SCV  
  111  8:11  Marine  
  113  8:14  Marine, Marauder  
  113  8:15  Marine  
  113  8:16  Marine, SCV  
  113  8:18  Marine  
  120  8:20  Supply Depot x2, Marine  
  120  8:22  Bunker, SCV x2  
  123  8:28  Marine, SCV  
  123  8:31  Medivac  
  123  8:32  Marine  
  123  8:33  Marine  
  131  8:34  Marauder  
  131  8:36  Marine, Marauder  
  131  8:37  Marine  
  135  8:41  Terran Infantry Weapons Level 2  
  135  8:46  Marine  
  132  8:50  Marine  
  132  8:51  Marine  
  132  8:54  Marine  
  133  8:55  Marauder  
  133  8:56  Marauder  
  133  8:57  Marine  
  133  8:59  SCV  
  131  9:04  Marine  
  131  9:07  Marine  
  131  9:09  Marine, Siege Tank x2  
  130  9:11  Marine  
  130  9:15  Marauder  
  130  9:16  SCV  
  132  9:17  Marauder x2, SCV  
  132  9:22  Marine  
  136  9:25  Marine  
  136  9:27  Marine, SCV  
  136  9:29  Marine  
  140  9:36  Marauder  
  140  9:37  Marine  
  143  9:39  Marauder  
  143  9:40  Marine  
  143  9:43  Marine  
  143  9:44  Marine  
  146  9:47  Marine  
  144  9:56  Marauder  
  144  9:57  Marine x2  
  144  10:00  Marauder  
  144  10:01  Marine  
  144  10:02  Marine  
  144  10:05  Marine  
  142  10:15  Marine, Siege Tank x2  
  142  10:16  Marauder  
  142  10:17  Marauder  
  142  10:19  Marine  
  142  10:20  Marine  
  155  10:21  Marauder  
  155  10:23  Marine  
  155  10:33  Marine  
  156  10:36  Marine  
  156  10:38  Marine  
  156  10:39  Marauder  
  156  10:40  Marine, Marauder  
  148  10:43  Marauder  
  124  10:51  Marine  
  124  10:54  Marine  
  124  10:56  Marine  
  127  10:58  Marine  
  127  11:01  Marauder x2  
  120  11:04  Marauder  
  120  11:09  Marine, Siege Tank x2  
  127  11:12  Marine  
  127  11:14  Marine  
  127  11:16  Marine  
  130  11:19  Medivac x2  
  130  11:22  Marauder  
  130  11:23  Marauder  
  140  11:25  Marauder  
  140  11:26  Marine  
  140  11:30  Marine  
  140  11:31  Marine  
  143  11:34  Marine  
  143  11:37  Terran Infantry Armor Level 2  
  144  11:43  Marauder  
  144  11:44  Marine, Marauder  
  144  11:46  Marine  
  150  11:48  Marine  
  150  11:49  Marine  
  150  11:52  Marine, Siege Tank  
  156  12:02  Marine  
  156  12:06  Bunker  
  157  12:09  Orbital Command  
  157  12:15  Marine x2, Marauder  
  157  12:16  Marauder x2  
  157  12:31  Supply Depot x2  
  157  12:36  Missile Turret  
  157  12:39  Missile Turret  
  157  12:41  Command Center  
  157  12:42  Refinery x2  
  157  12:52  Marauder x2, Marine x3, Medivac x2, Siege Tank  
  170  13:09  Supply Depot  
  170  13:10  Supply Depot, Liberator x2  
  170  13:27  Marauder x2  
  180  13:53  Liberator  
  177  13:56  Marine x2  
  177  13:57  Marauder  
  177  13:58  Marine x2, Marauder  
  177  13:59  Siege Tank  
  166  14:04  Liberator  
  166  14:12  Marauder  
  166  14:14  Marine  
  171  14:27  Marauder, Marine x2, Barracks  
  171  14:28  Barracks  
  171  14:29  Barracks  
  171  14:31  Barracks  
  175  14:32  Marine x2, Barracks  
  175  14:33  Marauder  
  175  14:37  Marauder  
  181  14:45  Marine x2  
  183  14:49  Marauder  
  183  14:50  Marine  
  186  14:54  Marauder  
  186  14:59  Marauder  
  189  15:01  Viking  
  189  15:02  Marine  
  189  15:03  Viking, Marine x2  
  194  15:08  Marine  
  194  15:10  Marauder  
  189  15:14  Planetary Fortress  
  189  15:15  Marauder  
  189  15:20  Marauder  
  189  15:21  Marine x6  
  192  15:25  Marine  
  197  15:31  Viking, Marine  
  200  15:42  Marauder  
  198  15:43  Marauder  
  198  15:49  Marine  
  200  15:52  Viking  
  200  15:53  Marine  
  200  15:56  Marine, Marauder  
  199  16:01  Viking  
  199  16:04  Marine x2, Marauder  
  194  16:06  Marine, Marauder  
  194  16:07  Marine x2  
  198  16:18  Marauder  
  176  16:19  Orbital Command  
  176  16:22  Viking  
  169  16:25  Marine x2  
  169  16:31  Viking  
  169  16:32  Marine  
  171  16:34  Marine x2  
  171  16:37  Marine  
  171  16:38  Marauder  
  168  16:42  Marauder  
  168  16:43  Marine  
  157  16:56  Marauder  
  150  17:03  Marine  
  150  17:04  Marine, Marauder x2  
  150  17:05  Marine x2  
  150  17:06  Marine  
  150  17:07  Widow Mine x2  
  151  17:12  Orbital Command  
  136  17:17  Medivac x2, Marauder  
  136  17:21  Marine x2  
  144  17:27  Marine  
  144  17:28  Marauder  
  147  17:43  Marine, Marauder  
  140  17:45  Marine  
  140  17:46  Marauder  
  140  17:48  Marine x2  
  140  17:49  Marauder  
  126  17:57  Marine  
  117  18:01  Marine  
  117  18:03  Marine  
  117  18:05  Marauder  
  84  18:06  Marine x2  
  84  18:07  Marauder  
  84  18:10  SCV  
  84  18:11  Marauder  
  71  18:16  SCV x2  
  71  18:18  Marine  
  70  18:22  SCV  
  70  18:26  Marauder  
  73  18:29  Marauder  
  73  18:32  Marine x2, Marauder  
  79  18:36  SCV x2  
  81  18:46  Marine x2  
  81  18:48  SCV x2  
  79  19:00  Marine, SCV x2  
  80  19:05  Marine x2  
  82  19:12  Marine, SCV  
  82  19:13  SCV  
  82  19:15  Marine x2  
  86  19:18  Marine  
  88  19:25  SCV x2  
  88  19:30  Refinery  
  88  19:31  Refinery  
Tags
 
Add a new tag
Caveats
  • Supply blocks, unpowered buildings, or Contaminate may cause inaccurate times.
  • Supply counts are checked every 10 seconds.